 Dungeon Crawl Stone Soup version 0.20.0-15-g7f486f2 (webtiles) character file.

1089 flestrin the Cleaver (level 8, -20/73 HPs)
             Began as a Hill Orc Berserker on June 27, 2017.
             Was a Priest of Trog.
             Demolished by an ogre
             ... wielding a +0 giant club
              (29 damage)
             ... on level 6 of the Dungeon.
             The game lasted 00:14:33 (4637 turns).

flestrin the Cleaver (Hill Orc Berserker)           Turns: 4637, Time: 00:14:34

Health: -20/73     AC:  9    Str: 22    XL:     8   Next: 31%
Magic:  8/8        EV: 10    Int:  7    God:    Trog [***...]
Gold:   298        SH:  0    Dex: 10    Spells: 7/7 levels left

rFire    . . .     SeeInvis .   a - +0 hand axe
rCold    . . .     Gourm    .   (no shield)
rNeg     . . .     Faith    .   f - +0 scale mail
rPois    .         Spirit   .   m - +0 helmet
rElec    .         Reflect  .   (no cloak)
rCorr    .         Harm     .   (no gloves)
MR       ++...                  (no boots)
Stlth    ..........             t - amulet of regeneration
Regen    1.7/turn               (no ring)
MPRegen  0.2/turn               (no ring)

@: berserk cooldown, regenerating
A: no striking features
a: Berserk, Trog's Hand, Burn Spellbooks, Renounce Religion


You were on level 6 of the Dungeon.
You worshipped Trog.
Trog was most pleased with you.
You were near starving.

You visited 2 branches of the dungeon, and saw 7 of its levels.

You collected 298 gold pieces.

Inventory:

Hand Weapons
 a - a +0 hand axe (weapon)
Armour
 f - a +0 scale mail (worn)
 m - a +0 helmet (worn)
Jewellery
 t - an amulet of regeneration (around neck)
Wands
 r - a wand of scattershot (0/9)
 u - a wand of random effects (20/48)
Scrolls
 e - 9 scrolls of identify
 j - 2 scrolls of enchant armour {unknown}
 l - a scroll of fear {unknown}
 s - a scroll of teleportation
 x - a scroll of immolation {unknown}
Potions
 b - 3 potions of heal wounds {unknown}
 d - a potion of mutation {unknown}
 i - 2 potions of degeneration {unknown}
 k - a potion of flight {unknown}
 n - a potion of magic {unknown}
 q - 2 potions of curing
 v - a potion of brilliance {unknown}
 w - a potion of resistance {unknown}
Comestibles
 c - 5 bread rations
 h - 2 meat rations
 o - 4 fruits
 p - 2 royal jellies


   Skills:
 + Level 7.2 Fighting
 + Level 8.0 Axes
 + Level 6.8 Armour
 - Level 1.5 Dodging


You had 7 spell levels left.
You didn't know any spells.

Dungeon Overview and Level Annotations

Branches:
Dungeon (6/15)             Temple (1/1) D:4

Altars:
Ashenzari
Cheibriados
Dithmenos
Elyvilon
Fedhas
Gozag
Hepliaklqana
Kikubaaqudgha
Makhleb
Okawaru
Qazlal
Ru
Sif Muna
Trog
Uskayaw
Vehumet
Zin


Message History

Trog accepts your kill.
Your Axes skill increases to level 8!
You hit the hobgoblin but do no damage. The hobgoblin hits you with a club.
* * * LOW HITPOINT WARNING * * *
The ogre closely misses you.
Unknown command.
Okay, then.
Your skin crawls.
You feel resistant to hostile enchantments.
You feel somewhat more hungry. The hobgoblin closely misses you.
The orc priest mumbles some strange prayers to Beogh against you.
Beogh smites you!
* * * LOW HITPOINT WARNING * * *
The ogre misses you.
You hit the ogre.
The ogre is lightly wounded.
You closely miss the hobgoblin.
You feel yourself speed up. The hobgoblin closely misses you.
The ogre hits you with a giant club!!
You die...

.P♣P.....PP♣PP..P♣P♣.♣♣♣..♣
♣PPP♣....♣♣♣♣P..♣♣♣### ###
PPPP#''(## ##### K. ♣♣♣
#?..#


?OhgK .. #)>)# g.go. #†).# . #[..# o.? #)########K'### +.....@gKhKK...
+......Ogg..... ############### You could see a big kobold, an ogre, a hound, a
gnoll, 2 hobgoblins and 3 kobolds.

Vanquished Creatures
  Sigmund (D:2)
  An ice beast (D:5)
  An ogre (D:6)
  A big kobold (D:6)
  A scorpion (D:5)
  3 howler monkeys (D:5)
  A crimson imp (D:6)
  A bullfrog zombie (D:6)
  3 orc priests
  2 hounds
  An iguana (D:5)
  3 worker ants
  5 adders
  7 gnolls
  A shadow imp (D:5)
  An ooze (D:3)
  A worm (D:2)
  3 dart slugs
  3 leopard geckos
  8 orcs
  4 bats
  4 giant cockroaches
  5 goblins
  9 hobgoblins
  13 jackals
  A quokka (D:6)
  A ball python (D:2)
  2 frilled lizards
  12 kobolds
  A quokka skeleton (D:6)
  13 rats
113 creatures vanquished.

Notes
Turn   | Place    | Note
-------+----------+-------------------------------------------
     0 | D:1      | flestrin the Hill Orc Berserker began the quest for the Orb.
     0 | D:1      | Reached XP level 1. HP: 19/19 MP: 1/1
   149 | D:1      | Reached XP level 2. HP: 25/27 MP: 2/2
   521 | D:2      | Reached XP level 3. HP: 31/33 MP: 3/3
   696 | D:2      | Reached ** piety under Trog
  1186 | D:2      | Reached XP level 4. HP: 23/41 MP: 4/4
  1511 | D:2      | Noticed Sigmund
  1516 | D:2      | Killed Sigmund
  1516 | D:2      | Reached skill level 5 in Fighting
  1516 | D:2      | Reached skill level 5 in Axes
  1516 | D:2      | Reached XP level 5. HP: 48/48 MP: 5/5
  1686 | D:3      | Reached XP level 6. HP: 56/56 MP: 6/6
  2646 | D:4      | Found a shadowy altar of Dithmenos.
  2646 | D:4      | Found a burning altar of Makhleb.
  2646 | D:4      | Found a radiant altar of Vehumet.
  2647 | D:4      | Found an iron altar of Okawaru.
  2985 | D:4      | Found a staircase to the Ecumenical Temple.
  3124 | Temple   | Entered the Ecumenical Temple
  3392 | D:5      | Entered Level 5 of the Dungeon
  3392 | D:5      | Found a hazy altar of Hepliaklqana.
  3473 | D:5      | Reached *** piety under Trog
  3473 | D:5      | Reached skill level 6 in Axes
  3473 | D:5      | Reached skill level 5 in Armour
  3771 | D:5      | Reached XP level 7. HP: 62/62 MP: 7/7
  3935 | D:5      | HP: 3/63 [worker ant (6)]
  3938 | D:5      | HP: 1/94 [howler monkey (1)]
  3943 | D:5      | HP: 1/96 [howler monkey (4)]
  4047 | D:5      | Found a deep blue altar of Sif Muna.
  4260 | D:5      | Reached skill level 7 in Axes
  4272 | D:5      | Found a blossoming altar of Fedhas.
  4585 | D:6      | Reached XP level 8. HP: 61/71 MP: 8/8
  4635 | D:6      | Reached skill level 8 in Axes
  4637 | D:6      | Demolished by an ogre

Skill      XL: |  1  2  3  4  5  6  7  8 |
---------------+-------------------------+-----
Fighting       | 4 5 6 7 |  7.2
Armour         | 3 4 5 6 |  6.8
Axes           | 5 6 7 8 |  8.0
Dodging        | |  1.5

Action                   |  1- 3 |  4- 6 |  7- 9 || total
-------------------------+-------+-------+-------++-------
Melee: Hand axe          |   130 |   160 |   173 ||   463
Invok: Berserk           |       |     6 |     2 ||     8
       Trog's Hand       |       |     1 |     3 ||     4
Evoke: Wand              |       |     5 |     1 ||     6
  Use: Scroll            |       |       |     5 ||     5
       Potion            |       |       |     2 ||     2
  Eat: Chunk             |     1 |    11 |     5 ||    17
       Royal jelly       |       |     1 |       ||     1
Armor: Animal skin       |    11 |       |       ||    11
       Scale mail        |    41 |    65 |    62 ||   168
Dodge: Dodged            |    67 |   103 |   113 ||   283
